AoeStats
← Blyatman

Black Forest

509953249Analyzed
3v3 RM · 4d ago on Sep 28, 2026· 17m 11s· 6 players
Game mode
Random Map
Map size
Normal (6 player)
Population
200
Speed
Normal
Resources
Standard
Victory
Conquest
Starting age
Dark Age
Ending age
Imperial Age
RankedLock teamsTeams togetherTeam positionsShared explorationLock speedFull tech treeHidden civsTurbo modeCheats
Victory
Defeat
🇺🇸 Lithuanians · United States
1299
+14
🇨🇴 Teutons · Colombia
1245
+17
🇮🇹 Poles · Italy
1213
+18
🇩🇪 Bengalis · Germany
1317
-19
🇩🇪 Cumans · Germany
1262
-16
🇩🇪 Vikings · Germany
1201
-14
Blyatman
9:11 Feudal Age
12:02 Double-Bit Axe
15:51 Horse Collar
17:46 Wheelbarrow
Mo...
0:47 Loom
9:43 Feudal Age
9:44 Man-at-Arms
TheSurfingBird
12:23 Feudal Age
18:57 Castle Age
Octosaurus
10:42 Feudal Age
12:23 Wheelbarrow
15:09 Castle Age
14:11 Horse Collar
14:17 Double-Bit Axe
16:41 Bow Saw
Patroclo
1:19 Loom
9:51 Feudal Age
10:37 Stone Mining
10:37 Town Watch
10:41 Double-Bit Axe
Player2
11:11 Feudal Age
10:13 Loom
15:03 Castle Age
14:31 Double-Bit Axe
14:28 Horse Collar
Connection lost

Rejoining the realm…

Still unreachable

The connection could not be restored.

Session expired

The server has moved on; the page needs a fresh start.